 Dungeon Crawl Stone Soup version 0.23-a0-389-g4a5eb33 (webtiles) character file.

9541 Dawnplanks the Basher (level 11, -10/67 HPs)
             Began as a Gargoyle Fighter on Oct 29, 2018.
             Was an Elder of Okawaru.
             Killed by divine providence
             ... invoked by a meliai
              (14 damage)
             ... on level 10 of the Dungeon.
             The game lasted 00:22:57 (7577 turns).

Dawnplanks the Basher (Gargoyle Fighter)            Turns: 7577, Time: 00:22:57

Health: -10/67     AC: 23    Str: 23    XL:     11   Next: 48%
Magic:  0/11       EV:  7    Int:  9    God:    Okawaru [****..]
Gold:   556        SH: 11    Dex:  9    Spells: 10/10 levels left

rFire    . . .     SeeInvis .   d - +7 whip of Reason {slash, Stlth+}
rCold    . . .     Gourm    .   c - +0 shield
rNeg     + . .     Faith    .   N - +0 plate armour
rPois    ∞         Spirit   +   (no helmet)
rElec    +         Reflect  .   o - scarf {Spirit}
rCorr    .         Harm     +   (no gloves)
MR       +....                  i - +1 pair of boots
Stlth    ..........             a - amulet of the Country {Harm *Drain MR+}
HPRegen  0.21/turn              y - ring of stealth
MPRegen  0.12/turn              D - +4 ring of slaying

@: no status effects
A: negative energy resistance 1, electricity resistance, unbreathing,
petrification resistance, rot immunity, AC +8
a: Heroism, Renounce Religion


You were on level 10 of the Dungeon.
You worshipped Okawaru.
Okawaru was greatly pleased with you.
You were hungry.

You visited 2 branches of the dungeon, and saw 11 of its levels.
You also visited: Sewer.

You collected 556 gold pieces.

Inventory:

Hand Weapons
 d - the +7 whip of Reason (weapon) {slash, Stlth+}
   (You found it on level 5 of the Dungeon)

   It inflicts extra damage upon your enemies.
   It makes you more stealthy.
 B - a +4 flail of protection
Missiles
 x - 8 silver javelins (quivered)
Armour
 c - a +0 shield (worn)
 i - a +1 pair of boots (worn)
 o - a scarf of spirit shield (worn)
 N - a +0 plate armour (worn)
Jewellery
 a - the amulet of the Country (around neck) {Harm *Drain MR+}
   (You found it on level 4 of the Dungeon)

   [amulet of harm]

   It increases damage dealt and taken.
   It affects your resistance to hostile enchantments.
   It causes draining when unequipped.
 y - a ring of stealth (left hand)
 D - a +4 ring of slaying (right hand)
Wands
 b - a wand of iceblast (10)
 e - a wand of flame (12)
 z - a wand of scattershot (5)
 K - a wand of polymorph (8)
 M - a wand of acid (11)
Scrolls
 g - a scroll of amnesia {unknown}
 j - 2 scrolls of noise {unknown}
 k - 8 scrolls of remove curse
 l - 3 scrolls of enchant armour {unknown}
 q - 2 scrolls of blinking
 s - 2 scrolls of enchant weapon
 t - 4 scrolls of teleportation {unknown}
 A - a scroll of fog
 C - 3 scrolls of fear
 G - a scroll of summoning
 H - 2 scrolls of magic mapping
 L - a scroll of immolation {unknown}
 P - 2 scrolls of identify
 Q - a scroll of brand weapon {unknown}
Potions
 h - 5 potions of curing {unknown}
 m - 3 potions of agility {unknown}
 n - 2 potions of haste
 p - 6 potions of brilliance {unknown}
 r - a potion of lignification
 u - 4 potions of degeneration {unknown}
 v - 2 potions of resistance
 w - 6 potions of heal wounds {unknown}
 E - a potion of flight {unknown}
 F - 3 potions of might
 I - 2 potions of berserk rage
 J - a potion of magic {unknown}
 R - 2 potions of ambrosia {unknown}
Comestibles
 f - 21 rations
 S - 17 chunks of flesh


   Skills:
 + Level 7.6 Fighting
 - Level 12.0 Maces & Flails
 + Level 7.8 Armour
 + Level 3.8 Dodging
 + Level 9.4 Shields
 + Level 0.3 Invocations


You had 10 spell levels left.
You didn't know any spells.
Your spell library was empty.

Dungeon Overview and Level Annotations

Branches:
Dungeon (10/15)            Temple (1/1) D:7            Lair (0/6) D:10
    Orc (0/2) D:10

Altars:
Dithmenos
Elyvilon
Fedhas
Hepliaklqana
Kikubaaqudgha
Makhleb
Nemelex Xobeh
Okawaru
Ru
Sif Muna
Trog
Wu Jian
Yredelemnul
Zin
The Shining One

Shops:
D:7 !   D:8 }

Annotations:
D:9 exclusion: 2 oklob plants


Innate Abilities, Weirdness & Mutations

You are resistant to torment.
Your stone body is resilient. (AC +8)
You are immune to poison.
You resist negative energy. (rN+)
You are resistant to electric shocks. (rElec)
You can survive without breathing.
You are immune to petrification.
You are immune to rotting.


Message History

The bullfrog hits you but does no damage.
The meliai hits you but does no damage. You block the meliai's attack.
You are feeling hungry.
The meliai hits you but does no damage. You block the meliai's attack.
You block the bullfrog's attack.
The meliai invokes the aid of its god against you.
Something smites you! The meliai barely misses you.
You block the meliai's attack.
The meliai mumbles some strange prayers to its god against you.
Something smites you!
* * * LOW HITPOINT WARNING * * *
You block the bullfrog's attack. The meliai hits you but does no damage.
The meliai stings you but does no damage.
The meliai calls down the wrath of its god upon you.
Something smites you!
* * * LOW HITPOINT WARNING * * *
You block the bullfrog's attack.
The meliai mumbles some strange prayers to its god against you.
Something smites you!
You die...

#+####...#.........##Y.......
#....#.>.'..[......###.....(.
#....'...#........)# .#.....
#...###'####+#.....+ .......
######...##..#.....#.........
#....#.......#.....#..#.......
#....#...##..#..>..#..#.......+
#...##...#####.....#..#.......#
#...##...##..#÷@...#..+.......#+
#.........'..#.....#............
#.........#..#.yyF.#............
########.#####....o#+.......# ..
#[..####.######+#..oy.g..oo.##..
#......'....#...'........o......
#......#....#...#....o..##...o.$
#..##############.......##..oo..
#### ................|...oo.


You could see 3 meliai, a bullfrog and 3 orcs.

Vanquished Creatures
  A two-headed ogre (D:8)
  A flayed ghost (D:9)
  Pikel (D:7)
  The ghost of Cryolive the Geomancer, a novice GrEE of Vehumet (D:5)
  Joseph (D:8)
  A troll (D:10)
  2 polar bears (D:10)
  A slime creature (D:9)
  2 hippogriffs
  16 yaks
  A wyvern (D:10)
  Eustachio (D:5)
  A slave (D:7)
  2 sky beasts
  A phantom (D:8)
  6 ogres
  An orc warrior (D:7)
  2 ice beasts
  3 centaurs
  A crocodile (D:7)
  2 big kobolds (Sewer)
  2 bullfrogs
  3 scorpions
  4 killer bees (D:8)
  8 wights (D:6)
  2 howler monkeys
  4 crimson imps
  A bullfrog zombie (D:5)
  4 jellies
  2 hounds
  3 orc priests
  2 centaur skeletons
  6 orc wizards
  6 worker ants
  A killer bee zombie (D:9)
  A hound zombie (D:5)
  2 hound skeletons (D:6)
  A worker ant zombie (D:5)
  6 adders
  6 river rats (Sewer)
  3 shadow imps
  An ufetubus (D:10)
  6 oozes
  An adder skeleton (D:7)
  5 worms (D:2)
  A dart slug (D:2)
  8 leopard geckos
  34 orcs
  8 ball pythons
  3 bats
  5 giant cockroaches
  3 goblins
  14 hobgoblins
  2 jackals (D:6)
  2 quokkas
  3 frilled lizards
  A giant cockroach zombie (D:5)
  22 kobolds
  2 quokka skeletons (D:5)
  23 rats
259 creatures vanquished.

Vanquished Creatures (others)
  A scorpion (D:7)
  A centaur skeleton (D:7)
  A shadow imp (D:7)
3 creatures vanquished.

Grand Total: 262 creatures vanquished

Notes
Turn   | Place    | Note
-------+----------+-------------------------------------------
     0 | D:1      | Dawnplanks the Gargoyle Fighter began the quest for the
                  | Orb.
     0 | D:1      | Reached XP level 1. HP: 14/14 MP: 1/1
    70 | D:1      | Reached XP level 2. HP: 19/19 MP: 2/2
   680 | D:2      | Reached XP level 3. HP: 23/23 MP: 3/3
  1036 | D:2      | Reached XP level 4. HP: 25/28 MP: 4/4
  1158 | D:2      | Reached skill level 3 in Maces & Flails
  1628 | D:3      | Reached XP level 5. HP: 28/33 MP: 5/5
  2238 | D:4      | Got a smoking copper amulet
  2247 | D:4      | Identified the amulet of the Country {Harm *Drain MR+} (You
                  | found it on level 4 of the Dungeon)
  2308 | D:4      | Reached skill level 4 in Maces & Flails
  2411 | D:4      | Reached skill level 1 in Dodging
  2552 | D:4      | Reached XP level 6. HP: 32/38 MP: 6/6
  2781 | D:5      | Entered Level 5 of the Dungeon
  2786 | D:5      | Found a runed gate.
  2786 | D:5      | Found a runed gate.
  2787 | D:5      | Found a runed gate.
  2789 | D:5      | Noticed Cryolive's ghost (novice GrEE)
  2805 | D:5      | Killed Cryolive's ghost
  2805 | D:5      | Reached skill level 5 in Maces & Flails
  2805 | D:5      | Reached skill level 5 in Shields
  2805 | D:5      | Reached XP level 7. HP: 43/43 MP: 7/7
  2821 | D:5      | Got a smoking whip
  2822 | D:5      | Identified the +7 whip of Reason {slash, Stlth+} (You found
                  | it on level 5 of the Dungeon)
  2870 | D:5      | Reached skill level 6 in Maces & Flails
  2972 | D:5      | Found a glowing drain.
  3014 | Sewer    | Entered a sewer
  3166 | Sewer    | Reached XP level 8. HP: 41/48 MP: 8/8
  3528 | D:5      | Reached skill level 7 in Maces & Flails
  3663 | D:5      | Noticed Eustachio
  3671 | D:5      | Killed Eustachio
  3990 | D:5      | Reached skill level 8 in Maces & Flails
  4251 | D:6      | Reached skill level 5 in Armour
  4317 | D:6      | Reached XP level 9. HP: 49/52 MP: 9/9
  4572 | D:6      | Reached skill level 9 in Maces & Flails
  4576 | D:6      | Reached skill level 5 in Fighting
  5016 | D:7      | Found Zieclye's Distillery.
  5072 | D:7      | Found a staircase to the Ecumenical Temple.
  5074 | D:7      | Noticed Pikel
  5083 | D:7      | Reached skill level 10 in Maces & Flails
  5095 | D:7      | Killed Pikel
  5095 | D:7      | Reached XP level 10. HP: 48/59 MP: 8/10
  5120 | Temple   | Entered the Ecumenical Temple
  5128 | Temple   | Became a worshipper of Warmaster Okawaru
  5311 | D:7      | Found a bloodstained altar of Trog.
  5421 | D:7      | Reached skill level 11 in Maces & Flails
  5685 | D:7      | Found a hazy altar of Hepliaklqana.
  5808 | D:7      | Found a shadowy altar of Dithmenos.
  5816 | D:7      | Found a sparkling altar of Nemelex Xobeh.
  5933 | D:8      | Noticed Joseph
  5947 | D:8      | Killed Joseph
  5947 | D:8      | Reached * piety under Okawaru
  6050 | D:8      | Found Leirph's Gadget Shop.
  6226 | D:8      | Noticed a two-headed ogre
  6240 | D:8      | Killed a two-headed ogre
  6240 | D:8      | Reached ** piety under Okawaru
  6241 | D:8      | Found a white marble altar of Elyvilon.
  6552 | D:9      | Reached skill level 12 in Maces & Flails
  6563 | D:9      | Reached XP level 11. HP: 29/66 MP: 6/11
  6779 | D:9      | Found a blossoming altar of Fedhas.
  6782 | D:9      | Noticed an oklob plant
  6782 | D:9      | Noticed an oklob plant
  6904 | D:9      | Reached *** piety under Okawaru
  6990 | D:9      | Noticed a flayed ghost
  6997 | D:9      | Killed a flayed ghost
  7285 | D:10     | Entered Level 10 of the Dungeon
  7285 | D:10     | Found a staircase to the Lair.
  7295 | D:10     | Reached **** piety under Okawaru
  7561 | D:10     | Found a staircase to the Orcish Mines.
  7577 | D:10     | Killed from afar by a meliai

Vault maps used:
D:1:      zelgadis_glass_arrival_small, serial_bayou_pond_b, serial_bayou_ford_a
D:3:      first_ration
D:5:      portal_sewer_entry_f, gammafunk_ghost_necromancy, uniq_eustachio
D:7:      nicolae_overflow_quartered_altars, minmay_temple_entry_water_ring,
          serial_shops, nicolae_shop_statue_plus, uniq_pikel
D:8:      serial_shops, nicolae_shop_statue_plus,
          hangedman_little_slice_of_home, elyvilon_altar_5, uniq_joseph
D:9:      hangedman_tree_tricks, minmay_three_doors
D:10:     lair_entry_dummy, erik_orc_4, serial_ice, serial_ice_c, serial_ice_d,
          serial_ice_m, serial_ice_o, kennysheep_cross_bottleneck, minivault_27,
          eino_house_with_fridge
Temple:   eino_narrow_crystal_temple
Sewer:    sewer_minmay_treatment

Skill      XL: |  1  2  3  4  5  6  7  8  9 10 11 |
---------------+----------------------------------+-----
Shields        | 4 5 6 7 8 9 |  9.4
Maces & Flails | 3 4 5 6 8 10 12 | 12.0
Dodging        | 1 2 3 |  3.8
Fighting       | 4 5 6 7 |  7.6
Armour         | 4 5 6 7 |  7.8
Invocations    | |  0.3

Action                   |  1- 3 |  4- 6 |  7- 9 | 10-12 || total
-------------------------+-------+-------+-------+-------++-------
Melee: Flail             |   158 |   168 |     8 |       ||   334
       Mace              |       |    36 |       |       ||    36
       Whip              |       |       |   271 |   241 ||   512
Invok: Heroism           |       |       |       |     1 ||     1
  Use: Scroll            |       |     5 |     7 |       ||    12
       Potion            |       |     2 |       |       ||     2
 Stab: Sleeping          |       |       |     3 |       ||     3
  Eat: Chunk             |     1 |     6 |     8 |     7 ||    22
Armor: Scale mail        |   109 |   118 |    91 |    19 ||   337
       Plate armour      |       |       |       |    78 ||    78
Dodge: Dodged            |    65 |    74 |    62 |    57 ||   258
Block: Shield            |   101 |   102 |   119 |   110 ||   432

Table legend:
 A = Non-vault XP
 B = Vault XP
 C = Vault XP percentage of total XP
 D = Non-vault monster count
 E = Vault monster count
 F = Vault count percentage of total count
                 A         B        C        D         E       F
            +---------+---------+-------+---------+---------+-------
      Total |    9562 |    4069 |  29.9 |     177 |      80 |  31.1
            +---------+---------+-------+---------+---------+-------
        D:1 |      22 |       5 |  18.5 |      12 |       3 |  20.0
        D:2 |     112 |       0 |   0.0 |      33 |       0 |   0.0
        D:3 |     102 |       0 |   0.0 |      11 |       0 |   0.0
        D:4 |     147 |       0 |   0.0 |      10 |       0 |   0.0
        D:5 |     769 |     722 |  48.4 |      16 |      13 |  44.8
        D:6 |    1693 |       0 |   0.0 |      35 |       0 |   0.0
        D:7 |    1200 |     673 |  35.9 |      22 |       1 |   4.3
        D:8 |    1925 |     590 |  23.5 |      14 |       9 |  39.1
        D:9 |    2673 |    1156 |  30.2 |      19 |       3 |  13.6
       D:10 |     919 |     593 |  39.2 |       5 |       3 |  37.5
      Sewer |       0 |     330 | 100.0 |       0 |      48 | 100.0
            +---------+---------+-------+---------+---------+-------
